Map: Backwater LE

Players

Sephiröth

  • Race: Zerg Zerg
  • League: Platinum
  • Spawn Location: 11:00

axu - Winner!

  • Race: Protoss Protoss
  • League: Platinum
  • Spawn Location: 5:00

VOD

Have the link to the VOD?

Description

Time

  • Played on: May 14, 2018, 1:24 p.m.
  • Length: 12:47
Show
View Real Time Build Order
Export as new Build Order

Sephiröth Zerg 

Build Orders: Pool First 

Get SALT Encoding   

  12  0:00  Drone  
  13  0:13  Overlord  
  13  0:18  Drone  
  14  0:32  Drone x2  
  16  0:48  Spawning Pool  
  16  0:49  Drone  
  16  0:52  Drone  
  17  0:57  Drone  
  18  1:19  Hatchery  
  17  1:26  Drone, Extractor  
  17  1:32  Overlord  
  17  1:35  Drone  
  18  1:42  Zergling x2  
  18  1:46  Queen  
  21  1:57  Drone  
  22  2:21  Drone x2  
  24  2:23  Hatchery  
  23  2:37  Queen  
  25  2:49  Roach Warren  
  24  2:54  Lair  
  24  3:01  Drone  
  24  3:04  Drone  
  26  3:12  Queen  
  28  3:23  Drone x3  
  31  3:36  Overlord  
  31  3:37  Queen  
  31  3:38  Drone  
  34  3:43  Zergling x4  
  36  3:58  Zergling x4  
  36  3:59  Drone x3  
  36  4:00  Drone  
  39  4:03  Drone  
  37  4:22  Glial Reconstitution  
  37  4:29  Drone  
  37  4:30  Drone x3  
  41  4:33  Evolution Chamber  
  41  4:34  Evolution Chamber  
  39  4:43  Drone x5  
  43  4:51  Metabolic Boost  
  43  4:56  Roach x2  
  47  5:03  Spine Crawler  
  46  5:12  Overlord  
  46  5:16  Spine Crawler  
  46  5:18  Spine Crawler  
  46  5:20  Drone x2, Spine Crawler  
  45  5:22  Drone  
  46  5:33  Zergling x4  
  46  5:34  Zergling x6  
  51  5:42  Hydralisk Den  
  50  5:50  Zergling x12  
  56  5:58  Baneling Nest  
  56  6:03  Roach  
  57  6:04  Overlord  
  57  6:15  Overlord  
  57  6:16  Overlord  
  57  6:22  Roach x3  
  57  6:23  Roach  
  64  6:31  Roach x2  
  61  6:36  Roach  
  61  6:37  Zergling x4  
  58  6:45  Roach  
  60  6:51  Zergling x6  
  60  6:52  Zergling x6  
  60  6:54  Drone  
  61  7:04  Roach x2  
  65  7:14  Drone  
  65  7:15  Drone x3  
  69  7:28  Drone  
  69  7:29  Drone x3  
  73  7:32  Extractor  
  73  7:36  Extractor  
  71  7:37  Baneling x3  
  71  7:38  Baneling  
  71  7:39  Overlord, Drone  
  71  7:40  Drone  
  73  7:45  Drone  
  73  7:46  Drone x2  
  76  8:03  Roach x2  
  73  8:08  Roach, Zergling x2  
  73  8:09  Zergling x8  
  78  8:20  Zergling x10  
  78  8:21  Zergling x6  
  86  8:28  Zerg Missile Weapons Level 1  
  82  8:43  Zergling x2  
  82  8:44  Zergling x6  
  82  8:46  Spine Crawler x3  
  83  8:51  Roach x3  
  83  8:53  Zergling x10  
  83  8:54  Zergling x2  
  89  8:59  Roach x2  
  85  9:05  Roach  
  85  9:06  Roach  
  85  9:09  Roach  
  86  9:27  Zerg Ground Armor Level 1  
  86  9:40  Overlord x2  
  86  9:45  Infestation Pit  
  85  9:53  Overlord  
  85  10:01  Drone x3  
  85  10:03  Hatchery  
  87  10:16  Baneling  
  87  10:17  Baneling x6  
  87  10:18  Roach x3, Baneling x2  
  93  10:28  Roach x3  
  84  10:43  Roach x4  
  78  10:50  Roach x4  
  78  10:51  Zergling x2  
  83  10:59  Roach x3  
  89  11:05  Pneumatized Carapace  
  89  11:13  Drone x5  
  89  11:14  Drone  
  95  11:29  Drone x3  
  95  11:30  Drone  
  99  11:44  Hydralisk x4  
  107  11:52  Drone  
  107  11:53  Overlord x2  
  106  12:17  Roach  
  106  12:24  Roach x5  
  106  12:25  Roach  
  106  12:26  Zergling x6  
  106  12:29  Zergling x2  
  103  12:30  Zergling x8  
Show
View Real Time Build Order
Export as new Build Order

axu Protoss - Winner!

Build Orders:  

Get SALT Encoding   

  12  0:00  Probe  
  13  0:13  Probe  
  14  0:24  Pylon  
  14  0:25  Probe  
  15  0:42  Gateway, Probe  
  16  0:52  Probe  
  16  0:53  Assimilator  
  17  1:00  Probe  
  18  1:08  Probe  
  19  1:33  Cybernetics Core  
  19  1:35  Gateway  
  19  1:37  Zealot  
  21  1:41  Pylon  
  21  1:53  Probe  
  22  1:57  Assimilator  
  22  2:05  Probe  
  23  2:12  Adept  
  25  2:19  Shield Battery  
  25  2:20  Warp Gate  
  25  2:23  Probe  
  26  2:31  Probe  
  27  2:39  Nexus  
  27  2:42  Adept  
  29  2:51  Pylon  
  29  2:52  Probe  
  30  3:09  Adept  
  30  3:12  Robotics Facility  
  32  3:23  Probe  
  33  3:35  Probe  
  33  3:37  Adept x2  
  38  3:46  Gateway  
  38  3:47  Probe  
  37  4:12  Immortal  
  37  4:15  Adept x2  
  40  4:17  Probe x2  
  45  4:28  Pylon  
  45  4:29  Probe x2  
  47  4:42  Immortal  
  51  4:54  Probe x2  
  51  4:58  Assimilator  
  53  5:06  Probe x2  
  55  5:19  Twilight Council  
  56  5:21  Observer  
  56  5:22  Forge  
  56  5:24  Gateway  
  56  5:26  Gateway  
  56  5:31  Adept x2  
  56  5:33  Adept  
  62  5:53  Pylon  
  62  6:02  Assimilator  
  62  6:11  Probe x2  
  62  6:12  Immortal  
  68  6:24  Probe  
  63  6:52  Charge  
  59  6:54  Protoss Ground Weapons Level 1  
  59  6:57  Immortal  
  59  6:59  Zealot x3  
  59  7:00  Zealot x2  
  59  7:19  Stalker  
  59  7:20  Stalker x4  
  69  7:25  Pylon  
  69  7:26  Pylon  
  69  7:28  Pylon  
  69  7:41  Shield Battery  
  69  7:42  Pylon  
  69  7:43  Immortal  
  73  7:50  Nexus  
  73  7:55  Pylon  
  64  8:17  Probe x2  
  64  8:18  Cybernetics Core  
  66  8:29  Probe x2  
  66  8:32  Gateway  
  68  8:39  Probe  
  68  8:41  Probe  
  69  8:47  Probe  
  68  8:49  Probe  
  68  8:55  Probe  
  68  8:58  Probe  
  64  9:07  Probe  
  55  9:12  Immortal  
  59  9:18  Probe x2  
  59  9:19  Templar Archives  
  61  9:25  Zealot  
  61  9:26  Zealot  
  65  9:33  Protoss Ground Weapons Level 2  
  65  9:37  Resonating Glaives, Probe  
  65  9:38  Probe  
  65  9:40  Probe  
  68  9:56  Gateway  
  68  9:57  Gateway  
  68  10:00  High Templar x3  
  68  10:01  High Templar x2  
  68  10:02  High Templar  
  68  10:05  Probe  
  68  10:06  Probe x2  
  82  10:13  Assimilator  
  83  10:14  Probe x3  
  83  10:16  Assimilator  
  86  10:26  Archon x2  
  83  10:40  Zealot x2  
  83  10:41  Zealot x4  
  86  10:49  Probe x3  
  87  11:01  Probe x3  
  87  11:02  High Templar  
  87  11:03  High Templar x5  
  102  11:06  Immortal  
  102  11:08  Archon x3  
  102  11:09  Archon  
  102  11:13  Probe x2  
  108  11:30  Zealot  
  110  11:42  Forge  
  110  11:45  Zealot x2  
  110  11:46  Zealot  
  116  11:57  Pylon  
  116  11:59  Pylon x2  
  116  12:00  Pylon  
  116  12:01  Pylon  
  116  12:03  Zealot  
Tags
 
Add a new tag
Caveats
  • Supply blocks, unpowered buildings, or Contaminate may cause inaccurate times.
  • Supply counts are checked every 10 seconds.